 Dungeon Crawl Stone Soup version 0.30.1-3-gfc49f6343a (webtiles) character file.

Game seed: 13533979547161660248

106638 Pepete the Warrior (level 15, -1/222 (223) HPs)
             Began as a Purple Draconian Berserker on July 21, 2023.
             Was an Elder of Trog.
             Slain by a naga
             ... wielding a +0 battleaxe
              (16 damage)
             ... on level 1 of the Snake Pit.
             The game lasted 00:59:53 (41566 turns).

Pepete the Warrior (Purple Draconian Berserker)    Turns: 41566, Time: 00:59:54

HP:   -1/222 (223)  AC: 16    Str: 25 (27) XL:     15   Next: 98%
MP:   0/15          EV: 10    Int:  9      God:    Trog [****..]
Gold: 446           SH: 18    Dex: 11 (12) Spells: 14/14 levels left

rFire   . . .        Q - +8 scimitar of Bodily Humours {vamp, Fragile rF+ Dex+2}
rCold   . . .        s - +0 tower shield
rNeg    + . .        (body armour unavailable)
rPois   .            Z - +2 hat {Int+3}
rElec   .            R - +0 cloak
rCorr   .            C - +2 pair of gloves of Ignis's Vengeance {Regen+ Slay+3 Stlth-}
SInv    .            L - +0 pair of boots
Will    ++...        u - amulet of guardian spirit Stlth
                     k - +4 ring of slaying
HPRegen 1.37/turn    o - ring "Nuowy" {rN+ Slay+3 Stlth+}
MPRegen 0.14/turn

%: guardian spirit
@: berserking, lethally poisoned (-1 -> -20), constricted, lightly drained,
unable to drink, very quick
A: breathe power, AC +9, unfitting armour, cold-blooded, deterioration 1, dopey
1, no potion heal 1, heat vulnerability 1, inability to drink after injury 1
a: Breathe Dispelling Energy, Renounce Religion, Berserk, Trog's Hand, Brothers
in Arms


You were on level 1 of the Snake Pit.
You worshipped Trog.
Trog was greatly pleased with you.
You visited 4 branches of the dungeon, and saw 23 of its levels.
You also visited: Bailey and Ice Cave.

You collected 2225 gold pieces.
You spent 1779 gold pieces at shops.

Inventory:

Hand Weapons
 g - a +2 demon whip of venom
 M - a +2 battleaxe of flaming
 Q - the +8 scimitar of Bodily Humours (weapon) {vamp, Fragile rF+ Dex+2}
   (You bought it in a shop on level 6 of the Dungeon)

   Dex:       It affects your dexterity (+2).
   rF:        It protects you from fire.
   Fragile:   It will be destroyed if unequipped.
Missiles
 h - 8 throwing nets (quivered)
 D - 3 curare-tipped darts
Armour
 j - a +2 cloak
 s - a +0 tower shield (worn)
 C - the +2 pair of gloves of Ignis's Vengeance (worn) {Regen+ Slay+3 Stlth-}
   (You found it in a bailey)

   Slay:      It affects your accuracy & damage with ranged weapons and melee
   (+3).
   Regen:     It increases your rate of health regeneration.
   Stlth:     It makes you less stealthy.
 L - a +0 pair of boots (worn)
 R - a +0 cloak (worn)
 Z - a +2 hat of intelligence (worn)
Jewellery
 k - a +4 ring of slaying (left hand)
 o - the ring "Nuowy" (right hand) {rN+ Slay+3 Stlth+}
   (You bought it in a shop on level 2 of the Orcish Mines)

   [ring of positive energy]

   Slay:      It affects your accuracy & damage with ranged weapons and melee
   (+3).
   rN:        It protects you from negative energy.
   Stlth:     It makes you more stealthy.
 u - an amulet of guardian spirit (around neck)
 A - a +4 ring of protection
 S - a +5 ring of evasion
Wands
 a - a wand of flame (18)
 b - a wand of quicksilver (14)
 l - a wand of paralysis (26)
 m - a wand of digging (3)
 n - a wand of iceblast (30)
 q - a wand of mindburst (27)
Scrolls
 c - a scroll of fear
 f - 3 scrolls of identify
 i - 2 scrolls of silence
 O - a scroll of butterflies
 W - a scroll of magic mapping
 X - 3 scrolls of teleportation
Potions
 d - 3 potions of flight
 e - 3 potions of heal wounds
 r - 5 potions of magic
 t - a potion of haste
 w - 2 potions of cancellation
 z - 2 potions of berserk rage
 B - 3 potions of invisibility
 G - 2 potions of ambrosia
 K - 2 potions of might {unknown}
 U - a potion of experience {unknown}
 Y - 4 potions of curing


   Skills:
 - Level 17.9 Fighting
 * Level 13.2 Long Blades
 - Level 11.2(12.1) Axes
 - Level 7.2(10.2) Maces & Flails
 - Level 7.6 Dodging
 * Level 14.9 Shields
 - Level 10.0 Evocations


You had 14 spell levels left.
You didn't know any spells.
Your spell library was empty.

Dungeon Overview and Level Annotations

Branches:
Dungeon (15/15)            Temple (0/1) D:4            Lair (5/5) D:10
  Swamp (0/4) Lair:3        Snake (1/4) Lair:2        Slime (0/5) Lair:4
    Orc (2/2) D:12            Elf (0/3) Orc:2        Vaults (0/5) D:14
 Depths (0/4) D:15         Bailey (visited)           IceCv (visited)

Altars:
Cheibriados
Dithmenos
Gozag
Qazlal
Ru
Sif Muna
Uskayaw
Vehumet
Wu Jian
Xom
Yredelemnul
Zin
The Shining One

Shops:
D:2 (   D:4 (   D:6 ((   D:7 =   Orc:2 (=*[

Portals:
Trove: D:11 (give +5 demon blade)

Annotations:
D:7 2 transporters, monsoonserge's ghost, novice MeBe


Innate Abilities, Weirdness & Mutations

You can breathe bolts of dispelling energy.
Your rich purple scales are hard. (AC +9)
You cannot fit into any form of body armour.
You are cold-blooded and may be slowed by cold attacks.
Your body sometimes deteriorates upon taking damage.
You are dopey. (Int -2)
Potions are less effective at restoring your health.
You are vulnerable to heat. (rF-)
You occasionally lose the ability to drink potions when taking damage.


Message History

The naga constricts you. You block the naga warrior's attack.
The shock serpent bites you. The shock serpent shocks you!
You completely miss the guardian serpent.
Your tail-slap misses the guardian serpent.
You feel sick.
You block the guardian serpent's attack.
You block the black mamba's attack.
You slash the guardian serpent!
You feel better.
The guardian serpent is heavily wounded.
You feel sick. You block the shock serpent's attack.
You block the naga's attack. The naga constricts you.
The naga warrior hits you with a +0 scimitar!!
* * * LOW HITPOINT WARNING * * *
The guardian serpent casts a spell at you.
You resist with almost no effort. The black mamba closely misses you.
You hit the guardian serpent.
Your tail-slap misses the guardian serpent.
The guardian serpent is heavily wounded.
The shock serpent bites you but does no damage.
You block the black mamba's attack. The guardian serpent hits you!
* * * LOW HITPOINT WARNING * * *
You miss the guardian serpent.
The guardian serpent is heavily wounded.
You feel sick. You block the shock serpent's attack.
You block the naga's attack. The naga constricts you.
* * * LOW HITPOINT WARNING * * *
The naga warrior spits poison at you.
The splash of poison hits you but does no damage.
You are more poisoned.
The black mamba bites you!
* * * LOW HITPOINT WARNING * * *
The guardian serpent hits you but does no damage.
You barely miss the guardian serpent.
The guardian serpent is heavily wounded.
You feel sick. The black mamba bites you!
* * * LOW HITPOINT WARNING * * *
You are lethally poisoned!
The black mamba poisons you! You block the shock serpent's attack.
The naga hits you with a +0 battleaxe!
You die...

#. ###.. ##...
##...# ###
##....###..##
##......#....##
###}............#
##.....SN.<.......
#.....S@..........
......N.S..#.....^
..........##......
.........## ....#
........## ...##
......### ..#
.....# ..# ....#


You could see a naga warrior, a shock serpent, a guardian serpent, a black mamba
and a naga (strong).

Vanquished Creatures
  Rupert (Lair:4)
  A frost giant (D:15)
  2 orc warlords
  2 fire dragons
  Fannar (Lair:2)
  Harold (Lair:2)
  Erolcha (Orc:1)
  3 centaur warriors
  2 hydras
  4 vault guards
  2 boulder beetles
  A death knight (D:9)
  Erica (D:8)
  A catoblepas (Lair:1)
  2 two-headed ogres
  3 tengu warriors (D:15)
  8 death yaks (Lair:5)
  Urug (D:11)
  2 orc high priests
  Sonja (Lair:2)
  A soul eater (D:10)
  Nergalle (Orc:1)
  Amaemon (D:8)
  14 skeletal warriors
  A sixfirhy (D:10)
  An obsidian statue (D:11)
  A swamp dragon (Lair:5)
  2 wizards
  A necromancer (D:13)
  9 orc knights
  3 bog bodies
  4 deep elf pyromancers
  Pikel (D:8)
  8 ugly things
  5 manticores
  13 elephants
  A salamander (shapeshifter) (D:15)
  7 orc sorcerers
  8 cyclopes
  2 black mambas (Lair:1)
  An ice statue (IceCv)
  4 gargoyles
  A torpor snail (Lair:2)
  2 orange demons
  4 unseen horrors
  9 komodo dragons
  9 cane toads
  Psyche (D:11)
  A freezing wraith (IceCv)
  6 rime drakes
  A rime drake (shapeshifter) (D:15)
  3 polar bears
  A red devil (D:10)
  An anaconda simulacrum (IceCv)
  A meliai (D:13)
  A polar bear (shapeshifter) (D:14)
  11 trolls
  A wolf spider simulacrum (D:14)
  A tarantella (shapeshifter) (D:13)
  26 blink frogs
  A centaur simulacrum (D:15)
  4 slime creatures
  Sigmund (D:2)
  44 yaks
  2 vampires
  4 wraiths
  8 wyverns
  3 steam dragons
  A neqoxec (D:10)
  A chaos spawn (D:10)
  5 vampire mosquitoes
  6 basilisks
  2 death yak simulacra (IceCv)
  2 nagas (Lair:2)
  5 wargs
  6 acid dragons
  3 hydra simulacra (IceCv)
  Duvessa (D:6)
  9 water moccasins
  2 sky beasts
  5 ice beasts
  2 black bears
  A swamp drake (Lair:5)
  38 orc warriors
  7 ogres
  6 centaurs
  2 lemures (D:8)
  6 kobold brigands
  Blork the orc (D:4)
  A phantom (D:5)
  10 bullfrogs
  4 gnoll sergeants
  2 scorpions
  3 cane toad simulacra (IceCv)
  5 two-headed ogre simulacra (IceCv)
  10 wights
  Dowan (D:6)
  11 killer bees
  8 vampire bats (Bailey)
  8 wolf zombies (Bailey)
  A jelly (D:6)
  2 quasits
  A gnoll bouda (D:6)
  18 orc priests
  5 hounds
  6 iguanas
  25 orc wizards
  A sleepcap (D:7)
  4 yak simulacra (D:13)
  7 polar bear simulacra
  2 troll simulacra (IceCv)
  2 wolf simulacra (D:13)
  5 spriggan simulacra (IceCv)
  26 gnolls
  8 naga simulacra (IceCv)
  5 adders
  3 shadow imps
  9 white imps
  9 ufetubi
  3 worms (D:2)
  A dart slug (D:1)
  56 orcs
  5 bats
  10 endoplasms
  2 giant cockroaches
  5 hobgoblins
  4 jackals (D:2)
  37 kobolds
  3 quokkas
  4 ball pythons
  A frilled lizard (D:1)
  6 goblins
  24 orc zombies (Bailey)
  4 rats
  A river rat simulacrum (D:13)
755 creatures vanquished.

Vanquished Creatures (collateral kills)
  A minotaur (Lair:1)
1 creature vanquished.

Vanquished Creatures (others)
  A skeletal warrior (D:14)
  An orc (Orc:1)
2 creatures vanquished.

Grand Total: 758 creatures vanquished

Notes
Turn   | Place    | Note
-------+----------+-------------------------------------------
     0 | D:1      | Pepete the Draconian Berserker began the quest for the Orb.
     0 | D:1      | Reached XP level 1. HP: 19/19 MP: 1/1
   300 | D:1      | Reached XP level 2. HP: 26/26 MP: 2/2
   406 | D:1      | Found a faded altar of an unknown god.
   665 | D:1      | Reached XP level 3. HP: 25/33 MP: 3/3
   840 | D:2      | Reached skill level 4 in Fighting
   957 | D:2      | Reached ** piety under Trog
  1068 | D:2      | Reached XP level 4. HP: 40/40 MP: 4/4
  1167 | D:2      | Found Vipolaro's Weapon Shop.
  1169 | D:2      | Noticed Sigmund
  1177 | D:2      | Killed Sigmund
  1178 | D:2      | Reached skill level 5 in Fighting
  1178 | D:2      | Reached XP level 5. HP: 48/48 MP: 5/5
  2453 | D:4      | Reached XP level 6. HP: 56/56 MP: 6/6
  2472 | D:4      | Found a staircase to the Ecumenical Temple.
  2847 | D:4      | Reached skill level 5 in Axes
  3160 | D:4      | Found Fiastead's Antique Weapon Boutique.
  3180 | D:4      | Bought a broad axe for 88 gold pieces
  3644 | D:4      | Reached skill level 6 in Fighting
  3883 | D:4      | Noticed Blork the orc
  3890 | D:4      | Killed Blork the orc
  3891 | D:4      | Your scales start taking on a rich purple colour.
  3891 | D:4      | Reached XP level 7. HP: 63/63 MP: 7/7
  4160 | D:5      | Entered Level 5 of the Dungeon
  4474 | D:5      | Found the +3 greatsling "Punk" {acid, rCorr}
  5120 | D:5      | Reached skill level 7 in Fighting
  5179 | D:5      | Reached XP level 8. HP: 44/73 MP: 8/8
  5700 | D:5      | Found Lyvut's Jewellery Shop.
  5911 | D:6      | Found an opulent altar of Gozag.
  5938 | D:6      | Reached skill level 1 in Evocations
  6194 | D:6      | Reached skill level 5 in Dodging
  6330 | D:6      | Noticed Dowan
  6336 | D:6      | Killed Dowan
  6344 | D:6      | Reached skill level 8 in Fighting
  6409 | D:6      | Noticed Duvessa
  6421 | D:6      | Killed Duvessa
  6724 | D:6      | Found Lochuumm's Antique Weapon Emporium.
  6798 | D:6      | Found Mimir's Weapon Emporium.
  6914 | D:7      | Reached XP level 9. HP: 68/82 MP: 7/9
  7249 | D:7      | Identified a scroll of acquirement
  7249 | D:7      | Acquired a manual of Fighting
  7276 | D:7      | Reached *** piety under Trog
  7539 | D:7      | Identified the +4 ring mail of Ru's Favour {Int+6 Slay-6}
  7598 | D:7      | Reached skill level 9 in Fighting
  7648 | D:7      | Identified the ring "Alexkyos" {rC+ Will+}
  7836 | D:7      | Noticed monsoonserge's ghost (novice MeBe)
  7844 | D:7      | Found a transporter.
  7850 | D:7      | Found a transporter.
  7987 | D:7      | Reached skill level 5 in Evocations
  8277 | D:7      | Reached skill level 10 in Fighting
  8523 | D:7      | Found Udem's Jewellery Emporium.
  8867 | D:8      | Noticed Amaemon
  8929 | D:8      | Killed Amaemon
  8930 | D:8      | Reached skill level 11 in Fighting
  8930 | D:8      | Reached XP level 10. HP: 84/95 MP: 6/10
  9310 | D:8      | Noticed Pikel
  9337 | D:8      | Killed Pikel
 10169 | D:8      | Noticed an orange demon
 10176 | D:8      | Killed an orange demon
 10177 | D:8      | Reached skill level 12 in Fighting
 10746 | D:8      | Noticed Erica
 10758 | D:8      | Killed Erica
 10903 | D:8      | Found a stormy altar of Qazlal.
 11122 | D:9      | Reached skill level 10 in Axes
 11158 | D:9      | Noticed a death knight
 11164 | D:9      | Noticed a cyclops
 11205 | D:9      | Killed a cyclops
 11206 | D:9      | Reached skill level 13 in Fighting
 11217 | D:9      | Noticed a gargoyle
 11949 | D:8      | Killed a gargoyle
 12697 | D:9      | Killed a death knight
 12698 | D:9      | Reached XP level 11. HP: 107/107 MP: 9/11
 13593 | D:9      | Found a glowing silver altar of Zin.
 13593 | D:9      | Noticed an angel
 13863 | D:9      | Noticed a deep elf pyromancer
 13878 | D:9      | Killed a deep elf pyromancer
 13879 | D:9      | Reached skill level 14 in Fighting
 14031 | D:10     | Entered Level 10 of the Dungeon
 14031 | D:10     | Found a snail-covered altar of Cheibriados.
 14040 | D:10     | Noticed a sixfirhy
 14048 | D:10     | Killed a sixfirhy
 14058 | D:10     | Noticed a soul eater
 14058 | D:10     | Noticed a two-headed ogre
 14450 | D:10     | Found a flagged portal.
 14462 | Bailey   | Entered a bailey
 14585 | Bailey   | Reached **** piety under Trog
 15684 | Bailey   | Identified the +2 pair of gloves of Ignis's Vengeance
                  | {Regen+ Slay+3 Stlth-}
 15843 | D:10     | Reached skill level 15 in Fighting
 16069 | D:10     | Gained mutation: You are dopey. (Int -2) [a neqoxec]
 16071 | D:10     | Gained mutation: You are vulnerable to heat. (rF-) [a
                  | neqoxec]
 16072 | D:10     | Gained mutation: You have hidden genetic defects. [a
                  | neqoxec]
 16079 | D:10     | Killed a two-headed ogre
 16080 | D:10     | Reached skill level 1 in Maces & Flails
 16080 | D:10     | Reached skill level 1 in Shields
 16467 | D:10     | Gained mutation: Potions are less effective at restoring
                  | your health. [hidden defects]
 17277 | D:10     | Killed a soul eater
 17282 | D:10     | Reached XP level 12. HP: 115/122 MP: 12/12
 17443 | D:10     | Found a staircase to the Lair.
 17606 | D:10     | Found a shimmering blue altar of Sif Muna.
 17643 | D:10     | Reached skill level 16 in Fighting
 17658 | D:10     | Gained mutation: You occasionally lose the ability to drink
                  | potions when taking damage. [hidden defects]
 17658 | D:10     | Lost mutation: You have hidden genetic defects. [hidden
                  | defects expressed]
 17685 | D:10     | Found a shadowy altar of Dithmenos.
 17689 | D:10     | Found a radiant altar of Vehumet.
 17689 | D:10     | Found an ornate altar of the Wu Jian Council.
 17689 | D:10     | Found a hide-covered altar of Uskayaw.
 17695 | D:10     | Found a basalt altar of Yredelemnul.
 17697 | D:10     | Found a sacrificial altar of Ru.
 17776 | D:10     | Found a shimmering altar of Xom.
 17983 | D:11     | Found a frozen archway.
 17991 | IceCv    | Entered an ice cave
 18511 | IceCv    | Reached ***** piety under Trog
 19757 | IceCv    | Reached skill level 5 in Shields
 19850 | IceCv    | Reached skill level 5 in Maces & Flails
 21495 | D:11     | Noticed Urug
 21504 | D:11     | Killed Urug
 21670 | D:11     | Reached skill level 17 in Fighting
 22184 | D:11     | Noticed Psyche
 22190 | D:11     | Killed Psyche
 22301 | D:11     | Found a portal to a secret trove of treasure.
 22941 | D:12     | Found a staircase to the Orcish Mines.
 23149 | D:12     | Noticed an orc warlord
 23168 | D:12     | Killed an orc warlord
 23696 | D:12     | Reached XP level 13. HP: 58/133 MP: 3/13
 25366 | Lair:1   | Entered Level 1 of the Lair of Beasts
 25528 | Lair:1   | Identified the +8 long sword "Dragon's Curse" {protect, rF-
                  | Will+ Int+4}
 25685 | D:6      | Bought the +8 scimitar of Bodily Humours {vamp, Fragile rF+
                  | Dex+2} for 775 gold pieces
 25823 | Lair:1   | Reached skill level 1 in Long Blades
 26185 | Lair:1   | Found a runed translucent door.
 26506 | Lair:1   | Noticed a minotaur
 26512 | Lair:1   | Killed a minotaur
 26636 | Lair:2   | Found a staircase to the Snake Pit.
 26709 | Lair:2   | Reached skill level 10 in Evocations
 26739 | Lair:2   | Found the +18 Lear's hauberk
 26846 | Lair:2   | Noticed Harold
 26858 | Lair:2   | Killed Harold
 26906 | Lair:2   | Noticed Sonja
 26975 | Lair:2   | Identified the +5 whip of Foul Odours {holy, rF+ rN+}
 27157 | Lair:2   | Reached skill level 5 in Long Blades
 27308 | Lair:2   | Noticed Fannar
 27328 | Lair:2   | Killed Fannar
 27638 | Lair:2   | Killed Sonja
 28128 | Lair:3   | Reached XP level 14. HP: 141/141 MP: 14/14
 28139 | Lair:3   | Reached skill level 10 in Shields
 28453 | Lair:3   | Found a staircase to the Swamp.
 28759 | Lair:4   | Noticed Rupert
 28775 | Lair:4   | Killed Rupert
 28988 | Lair:4   | Found a staircase to the Slime Pits.
 29067 | Lair:4   | Identified the staff of earth "Qaism" {rPois}
 29413 | Lair:5   | Entered Level 5 of the Lair of Beasts
 32548 | D:13     | Reached skill level 10 in Long Blades
 33660 | D:13     | Reached XP level 15. HP: 149/149 MP: 15/15
 34041 | D:13     | Identified the amulet "Yxybro" {Spirit Will+ Int+3 Dex-5}
 35468 | D:14     | Found a gate to the Vaults.
 36049 | D:15     | Entered Level 15 of the Dungeon
 36779 | D:15     | Found a staircase to the Depths.
 36779 | D:15     | Noticed a frost giant
 36788 | D:15     | Killed a frost giant
 37719 | D:15     | Found a glowing golden altar of the Shining One.
 38366 | Orc:1    | Entered Level 1 of the Orcish Mines
 38410 | Orc:1    | Noticed Nergalle
 38425 | Orc:1    | Killed Nergalle
 38922 | Orc:2    | Entered Level 2 of the Orcish Mines
 38933 | Orc:2    | Found Poli Ceu's Antique Weapon Boutique.
 39632 | Orc:2    | Gained mutation: Your body sometimes deteriorates upon
                  | taking damage. [a neqoxec]
 40007 | Orc:2    | Found a staircase to the Elven Halls.
 40021 | Orc:2    | Received a gift from Trog
 40161 | Orc:2    | Found Fitiedd's General Store.
 40167 | Orc:2    | Bought 3 scrolls of identify for 78 gold pieces
 40176 | Orc:2    | Found Zeugaleg's Antique Armour Boutique.
 40183 | Orc:2    | Bought a glowing cloak for 202 gold pieces
 40418 | Orc:2    | Found Zesuntuf's Jewellery Boutique.
 40424 | Orc:2    | Bought the ring "Nuowy" {rN+ Slay+3 Stlth+} for 636 gold
                  | pieces
 40551 | Orc:1    | Noticed Erolcha
 41225 | Orc:1    | Killed Erolcha
 41549 | Snake:1  | Entered Level 1 of the Snake Pit
 41566 | Snake:1  | Slain by a naga

Illustrated notes

Levels and vault maps discovered:
D:1:      dpeg_arrival_three_smaller_balls, layout_loops_ring,
          hellmonk_ecumenical_altar_run_dry
D:2:      layout_loops_ring, serial_shops, shop, uniq_sigmund
D:3:      layout_basic
D:4:      layout_basic, minmay_temple_entry_enclosed_plants, serial_shops,
          nicolae_shop_scrapyard, uniq_blork_the_orc
D:5:      layout_basic, serial_shops, nicolae_square_shop
D:6:      layout_loops_ring, nicolae_gozag_cash_rules_everything_around_me,
          serial_shops, nicolae_shop_window_shopping, kennysheep_little_box,
          uniq_duvessa
D:7:      layout_loops_corners, gammafunk_ghost_gnarly_gnolls, serial_shops,
          nicolae_shop_hallway_stairs, grunt_ministairs_14
D:8:      layout_basic, general_overflow_altar, uniq_erica, uniq_amaemon,
          uniq_pikel
D:9:      minmay_curly_fans, layout_irregular_city, zin_angel
D:10:     layout_cave_pools, lemuel_crystal_altar, minmay_overflow_temple_hex,
          nicolae_sif_muna_little_library, mainiacjoe_overflow_alcove_4,
          hellmonk_lair_entry_icy, serial_demonic, serial_demonic_f,
          serial_demonic_d, serial_demonic_b, serial_demonic_a, enter_bailey_7,
          hellmonk_bongcloud_opening
D:11:     layout_long_grid, enter_trove_1, portal_ice_cave_entry_pillars_2,
          minmay_statue_bubble, uniq_urug, uniq_psyche
D:12:     orc_temple, layout_basic, orc_0_dummy, minivault_19, st_stairs_4
D:13:     minmay_weird_star, layout_irregular_city, eino_house_with_fridge
D:14:     layout_loops_ring, lightli_vaults_fourway_checkpoint,
          chequers_serial_rivers_micro_d
D:15:     grunt_enter_depths_snipers, layout_irregular_city,
          nicolae_tso_carved_into_rock, minmay_circle_x
Lair:1:   dreamdust_labyrinth, layout_chaotic_city
Lair:2:   layout_big_grid, guppyfry_snake_entry_island, serial_forest,
          infiniplex_forest_clump_C, infiniplex_forest_end_2,
          infiniplex_forest_lined_room_2, infiniplex_forest_lined_3,
          infiniplex_forest_straight_1, infiniplex_forest_clump_tiny,
          infiniplex_forest_clump_C, infiniplex_forest_side_room,
          infiniplex_forest_lined_ring, infiniplex_forest_clump_medium,
          uniq_fannar, uniq_harold, uniq_sonja
Lair:3:   layout_loops_ring, skrybe_swamp_entry_bodies, grunt_megastairs_1
Lair:4:   layout_cave_shapes, slime_entry_1, chequers_serial_rivers_large_b,
          uniq_rupert
Lair:5:   wormcave, layout_cave_pods, guppyfry_lair_end_dragon
Snake:1:  layout_onion
Orc:1:    layout_caves, uniq_nergalle, uniq_erolcha
Orc:2:    grunt_orc_cross, layout_diamond_mine, basic_altar,
          nicolae_orc_bridge_out

Skill      XL: |  1  2  3  4  5  6  7  8  9 10 11 12 13 14 15 |
---------------+----------------------------------------------+-----
Dodging        | 3 4 5 6 7 |  7.6
Fighting       | 4 5 6 7 8 11 13 15 17 | 17.9
Axes           | 4 5 6 7 9 10 11 | 11.2
Evocations     | 3 5 6 8 9 10 | 10.0
Maces & Flails | 3 6 7 |  7.2
Shields        | 3 6 9 12 14 | 14.9
Long Blades    | 6 10 13 | 13.2

Action                     |  1- 3 |  4- 6 |  7- 9 | 10-12 | 13-15 || total
---------------------------+-------+-------+-------+-------+-------++-------
  Melee: Hand axe          |   112 |    26 |       |       |       ||   138
         Tailslap          |    13 |    17 |    29 |   119 |   319 ||   497
         War axe           |       |    38 |       |       |       ||    38
         Punch             |       |     2 |       |       |       ||     2
         Broad axe         |       |    22 |       |       |       ||    22
         Battleaxe         |       |       |   249 |   274 |       ||   523
         Demon whip        |       |       |       |   415 |    82 ||   497
         Scimitar          |       |       |       |       |  1319 ||  1319
 Invoke: Berserk           |       |     3 |     5 |    21 |    29 ||    58
         Trog's Hand       |       |       |     5 |    14 |    19 ||    38
         Brothers in Arms  |       |       |       |       |     2 ||     2
Ability: Breathe Dispellin |       |       |     8 |    11 |     5 ||    24
  Evoke: Wand              |       |       |       |     8 |     3 ||    11
    Use: Scroll            |       |       |    20 |     7 |    14 ||    41
         Potion            |       |       |       |     4 |    12 ||    16
   Stab: Sleeping          |       |     1 |       |       |       ||     1
         Distracted        |       |       |       |       |     1 ||     1
 Armour: Skin              |    36 |    50 |   114 |   274 |   559 ||  1033
  Dodge: Dodged            |    86 |    56 |   222 |   452 |   759 ||  1575
  Block: Buckler           |       |       |       |    36 |       ||    36
         Kite shield       |       |       |       |    83 |   608 ||   691
         Tower shield      |       |       |       |       |   535 ||   535
